 Dungeon Crawl Stone Soup version 0.29.1-15-g9cfb28693d (webtiles) character file.

Game seed: 11201387246859759553

541 Gustavia the Cudgeller (level 7, -6/72 HPs)
             Began as an Ogre Gladiator on Mar 24, 2023.
             Mangled by an orc
             ... wielding a +0 war axe
              (8 damage)
             ... on level 4 of the Dungeon.
             The game lasted 00:10:42 (3675 turns).

Gustavia the Cudgeller (Ogre Gladiator)             Turns: 3675, Time: 00:10:42

Health: -6/72      AC:  3    Str: 21    XL:     7   Next: 26%
Magic:  7/7        EV: 10    Int:  9    God:
Gold:   226        SH:  0    Dex: 10    Spells: 6/6 levels left

rFire   . . .      SeeInvis .   t - +0 giant club
rCold   . . .      Faith    .   (shield currently unavailable)
rNeg    . . .      Spirit   .   b - +0 robe
rPois   .          Reflect  .   c - +0 hat
rElec   .          Harm     .   (no cloak)
rCorr   .          Rampage  .   (gloves unavailable)
Will    .....                   (boots unavailable)
Stlth   +.........              (no amulet)
HPRegen 0.22/turn               (no ring)
MPRegen 0.10/turn               (no ring)

@: no status effects
A: large, unfitting armour, tough skin 1
a: no special abilities


You were on level 4 of the Dungeon.
You visited 1 branch of the dungeon, and saw 5 of its levels.

You collected 226 gold pieces.

Inventory:

Hand Weapons
 t - a +0 giant club (weapon)
Missiles
 d - 3 throwing nets (quivered)
 e - a large rock
Armour
 b - a +0 robe (worn)
 c - a +0 hat (worn)
Scrolls
 f - 2 scrolls of blinking
 i - a scroll of silence
 k - 4 scrolls of poison
 l - 2 scrolls of teleportation
 p - a scroll of brand weapon {unknown}
 r - a scroll of fog {unknown}
 v - 3 scrolls of enchant weapon {unknown}
Potions
 a - 2 potions of heal wounds {unknown}
 g - a potion of lignification {unknown}
 j - a potion of might {unknown}
 m - 2 potions of invisibility {unknown}
 n - a potion of mutation {unknown}
 o - a potion of attraction {unknown}
 q - a potion of cancellation {unknown}
 s - 2 potions of degeneration {unknown}
 u - a potion of curing {unknown}


   Skills:
 + Level 5.3 Fighting
 + Level 5.5 Maces & Flails
 + Level 2.1 Throwing
 + Level 4.1 Dodging
 + Level 0.8 Stealth


You had 6 spell levels left.
You didn't know any spells.
Your spell library contained the following spells:

 Spells                   Type           Power      Damage    Failure   Level
 Slow                     Hex            0%         N/A       38%         1
 Confusing Touch          Hex            0%         N/A       77%         3
 Vampiric Draining        Necr           0%         2d6       77%         3


Dungeon Overview and Level Annotations

Branches:
Dungeon (5/15)
 Temple: D:4-7

Altars:
Elyvilon
Yredelemnul

Shops:
D:1 *


Innate Abilities, Weirdness & Mutations

You are too large for most types of armour.
You have tough skin. (AC +1)


Message History

The black bear bites you. The black bear claws you. x2
The hobgoblin hits you but does no damage.
Things that are here:
a +0 short sword; an orc corpse The hobgoblin attacks as you move away!
The hobgoblin closely misses you.
You closely miss the black bear. The black bear bites you!
The black bear barely misses you. x2; The black bear closely misses you. x2
The black bear claws you but does no damage.
You sock the black bear!
The black bear is moderately wounded.
The black bear bites you but does no damage.
The black bear claws you but does no damage.
The black bear claws you.
Okay, then.
Really read the scroll of poison?
The air fills with toxic fumes!
As you read the scroll of poison, it crumbles to dust.
The black bear barely misses you. The black bear closely misses you.
The black bear claws you.
You sock the black bear!
The black bear is severely wounded.
The black bear goes berserk!
You barely miss the black bear.
The black bear is severely wounded.
The black bear barely misses you.
The black bear claws you but does no damage.
The black bear claws you. The black bear bites you!
* * * LOW HITPOINT WARNING * * *
The black bear claws you but does no damage.
The black bear claws you.
* * * LOW HITPOINT WARNING * * *
You bludgeon the black bear!!
You kill the black bear!
You closely miss the orc. The orc closely misses you.
You sock the orc!
You kill the orc!
You closely miss the orc. The orc hits you with a +0 war axe!
* * * LOW HITPOINT WARNING * * *
The orc hits you with a +0 war axe!
You die...

##......... ....
###.......# #... .
..#.###.### ... ..
_.#.'.#..# .. ...
..#.###..## .# §...
###......§### ##☼#§§...
#......##§§### ##§§§☼§...
#........##§§####o.§○☼§...
#........###§§§@og.§§○§...
##........###○○###§###§...
#.......## #§§# #..# ...
#.......# #○## ##.# .
........## #☼# ..
#........# #☼# ..#
####....## ○.. #.. ### ###


You could see 2 orcs and a hobgoblin.

Vanquished Creatures
  2 black bears (D:4)
  2 ogres
  Natasha (thrice) (D:3)
  4 adders (D:2)
  2 worms
  A dart slug (D:4)
  10 orcs
  3 ball pythons
  7 endoplasms
  4 giant cockroaches
  4 goblins
  13 hobgoblins
  4 kobolds
  4 quokkas
  6 bats
  2 frilled lizards
  A goblin skeleton (D:4)
  A kobold zombie (D:4)
  2 rats
75 creatures vanquished.

Vanquished Creatures (others)
  A quokka (D:4)
1 creature vanquished.

Grand Total: 76 creatures vanquished

Notes
Turn   | Place    | Note
-------+----------+-------------------------------------------
     0 | D:1      | Gustavia the Ogre Gladiator began the quest for the Orb.
     0 | D:1      | Reached XP level 1. HP: 22/22 MP: 1/1
   313 | D:1      | Found Neusudd's Assorted Antiques.
   338 | D:1      | Reached XP level 2. HP: 29/29 MP: 2/2
   833 | D:2      | Reached XP level 3. HP: 12/37 MP: 3/3
  1354 | D:2      | Reached XP level 4. HP: 39/45 MP: 4/4
  1607 | D:3      | Noticed Natasha
  1618 | D:3      | Killed Natasha
  1803 | D:3      | Noticed Natasha
  1819 | D:3      | Killed Natasha
  1820 | D:3      | Reached XP level 5. HP: 38/54 MP: 5/5
  1832 | D:3      | Noticed Natasha
  1840 | D:3      | Killed Natasha
  2419 | D:3      | Found a white marble altar of Elyvilon.
  2923 | D:4      | Noticed an ogre
  2936 | D:3      | Killed an ogre
  2937 | D:3      | Reached XP level 6. HP: 46/63 MP: 6/6
  3325 | D:4      | Noticed a black bear
  3360 | D:5      | Entered Level 5 of the Dungeon
  3570 | D:4      | Killed a black bear
  3571 | D:4      | Reached skill level 5 in Fighting
  3571 | D:4      | Reached skill level 5 in Maces & Flails
  3571 | D:4      | Reached XP level 7. HP: 66/72 MP: 7/7
  3613 | D:4      | Found a runed translucent door.
  3613 | D:4      | Noticed a human
  3618 | D:4      | Found a basalt altar of Yredelemnul.
  3675 | D:4      | HP: 2/72 [orc/+0 war axe (8)]
  3675 | D:4      | Mangled by an orc

Illustrated notes

Levels and vault maps discovered:
D:1:      psy_arrival_dodecagon, layout_rooms, serial_shops,
          nicolae_shop_hallway_stairs
D:2:      layout_basic, minmay_tetromino_s2
D:3:      layout_loops_cross, lemuel_tele_altar, minmay_misc_feat_columns,
          kennysheep_big_empty_room, uniq_natasha
D:4:      layout_cave_pods, dk_yredelemnul_ordeal, minivault_27,
          hangedman_decor_riveting
D:5:      layout_gridville, chei_slow_surprise, old_standard_altar,
          minmay_misc_feat_pillars, minivault_27, uniq_eustachio, uniq_duvessa

Skill      XL: |  1  2  3  4  5  6 |
---------------+-------------------+-----
Maces & Flails | 3 4 5 |  5.5
Fighting       | 3 4 5 |  5.3
Dodging        | 3 4 |  4.1
Throwing       | |  2.1
Stealth        | |  0.8

Action                   |  1- 3 |  4- 6 |  7- 9 || total
-------------------------+-------+-------+-------++-------
Melee: Flail             |    85 |   107 |       ||   192
       Giant club        |       |    32 |    13 ||    45
  Use: Scroll            |     5 |     3 |     1 ||     9
       Potion            |       |     1 |       ||     1
 Stab: Sleeping          |       |     1 |       ||     1
Armor: Robe              |    35 |    37 |    10 ||    82
Dodge: Dodged            |    62 |    76 |    14 ||   152
